AoeStats
← ManOWar14

Fortress

508298598Analyzed
4v4 RM · 10d ago on Sep 21, 2026· 58m 2s· 8 players
Game mode
Random Map
Map size
Huge
Population
200
Speed
Normal
Resources
Standard
Victory
Conquest
Starting age
Dark Age
Ending age
Imperial Age
RankedLock teamsTeams togetherTeam positionsShared explorationLock speedFull tech treeHidden civsTurbo modeCheats
Victory
Defeat
🇵🇹 Lithuanians · Portugal
747
+11
🇮🇪 Franks · Ireland
743
+11
🇪🇸 Goths · Spain
708
+12
🇪🇸 Teutons · Spain
698
+13
🇺🇸 Khmer · United States
713
-16
🇦🇷 Portuguese · Argentina
647
-12
🇦🇷 Gurjaras · Argentina
570
-10
🇫🇷 Spanish · France
566
-9
RuubenESP
7:45 Feudal Age
12:58 Loom
16:38 Castle Age
14:58 Double-Bit Axe
14:56 Horse Collar
15:12 Gold Mining
15:13 Stone Mining
20:33 Heavy Plow
23:38 Forging
26:02 Scale Mail Armor
28:22 Wheelbarrow
27:40 Town Watch
32:45 Imperial Age
31:33 Bow Saw
33:18 Capped Ram
35:58 Man-at-Arms
36:00 Pikeman
37:24 Ironclad
37:40 Conscription
36:45 Elite Teutonic Knight
37:38 Long Swordsman
38:05 Gambesons
38:22 Squires
38:08 Arson
39:09 Iron Casting
38:14 Two-Handed Swordsman
39:08 Champion
41:17 Heavy Scorpion
50:00 Chemistry
49:21 Ballistics
xerrinho
1:28 Loom
11:58 Feudal Age
14:04 Horse Collar
14:14 Double-Bit Axe
14:01 Man-at-Arms
16:37 Gold Mining
16:38 Stone Mining
17:28 Wheelbarrow
21:08 Castle Age
25:47 Imperial Age
24:47 Hand Cart
24:51 Bow Saw
24:44 Heavy Plow
26:21 Anarchy
27:54 Pikeman
30:53 Conscription
32:47 Perfusion
33:13 Murder Holes
33:43 Squires
35:51 Two-Man Saw
34:36 Halberdier
37:26 Caravan
37:59 Coinage
37:35 Town Watch
43:45 Elite Huskarl
46:53 Crop Rotation
47:08 Stone Shaft Mining
51:23 Forging
51:14 Scale Mail Armor
51:05 Fletching
51:15 Padded Archer Armor
51:11 Heated Shot
51:47 Ballistics
52:31 Chemistry
55:17 Iron Casting
54:58 Chain Mail Armor
54:40 Bodkin Arrow
55:00 Leather Archer Armor
Conde Montanelas
6:53 Feudal Age
14:04 Castle Age
11:59 Double-Bit Axe
13:41 Horse Collar
15:45 Bow Saw
15:42 Caravan
18:30 Wheelbarrow
21:13 Hand Cart
21:24 Stone Mining
26:17 Hill Forts
26:51 Scale Barding Armor
29:29 Chain Barding Armor
29:20 Forging
31:03 Murder Holes
31:18 Masonry
33:53 Imperial Age
33:06 Ballistics
33:04 Squires
34:05 Elite Leitis
35:25 Hoardings
35:55 Tower Shields
35:44 Elite Skirmisher
38:13 Two-Man Saw
37:16 Heavy Plow
36:45 Pikeman
38:56 Padded Archer Armor
38:47 Fletching
38:29 Halberdier
49:04 Crop Rotation
54:58 Plate Barding Armor
54:58 Iron Casting
54:24 Scale Mail Armor
54:19 Bodkin Arrow
54:40 Leather Archer Armor
Llathandir
8:25 Feudal Age
12:14 Wheelbarrow
12:52 Double-Bit Axe
13:00 Stone Mining
13:05 Gold Mining
16:18 Castle Age
16:56 Forging
16:52 Scale Barding Armor
16:38 Fletching
18:52 Hand Cart
20:54 Bodkin Arrow
22:40 Loom
24:55 Iron Casting
24:41 Chain Barding Armor
29:18 Masonry
32:12 Imperial Age
31:17 Gold Shaft Mining
33:03 Cavalier
34:46 Blast Furnace
34:22 Plate Barding Armor
34:38 Architecture
34:25 Town Watch
36:40 Chemistry
36:19 Hoardings
35:36 Capped Ram
35:43 Paladin
38:59 Husbandry
49:35 Ballistics
49:02 Arrowslits
49:14 Murder Holes
52:08 Chivalry
ManOWar14
7:51 Feudal Age
11:22 Horse Collar
11:29 Double-Bit Axe
15:15 Castle Age
16:15 Stone Mining
16:19 Gold Mining
17:47 Bow Saw
17:38 Heavy Plow
19:28 Pikeman
27:02 Fortified Wall
26:48 Murder Holes
29:42 Imperial Age
27:29 Loom
28:20 Wheelbarrow
27:30 Town Watch
29:16 Scale Mail Armor
29:27 Forging
29:12 Fletching
29:37 Light Cavalry
30:29 Bloodlines
30:19 Husbandry
32:54 Iron Casting
32:34 Chain Mail Armor
32:16 Bodkin Arrow
32:28 Scale Barding Armor
32:59 Conscription
33:53 Capped Ram
34:20 Halberdier
34:48 Arson
36:31 Hand Cart
36:17 Town Patrol
36:51 Crop Rotation
36:38 Hussar
39:50 Siege Ram
41:14 Double Crossbow
41:54 Siege Engineers
43:01 Ballistics
43:44 Chemistry
43:05 Ballistics
42:49 Tusk Swords
43:25 Hoardings
43:20 Heavy Scorpion
alexisben78
0:47 Loom
9:54 Feudal Age
10:42 Gold Mining
10:47 Stone Mining
10:49 Double-Bit Axe
19:48 Castle Age
18:25 Fletching
18:47 Forging
17:59 Man-at-Arms
19:46 Padded Archer Armor
19:47 Scale Mail Armor
19:54 Scale Barding Armor
19:59 Pikeman
20:27 Gambesons
21:33 Horse Collar
21:17 Long Swordsman
23:10 Bodkin Arrow
23:53 Iron Casting
26:16 Bow Saw
25:50 Light Cavalry
27:59 Murder Holes
30:47 Imperial Age
29:37 Leather Archer Armor
29:39 Chain Mail Armor
31:09 Ballistics
31:11 Elite Conquistador
31:15 Cavalier
33:55 Bloodlines
33:22 Halberdier
39:39 Chemistry
38:09 Paladin
42:39 Bracer
56:29 Blast Furnace
56:03 Ring Archer Armor
56:04 Plate Mail Armor
55:54 Chain Barding Armor
Ykaru_C
8:26 Feudal Age
10:01 Double-Bit Axe
11:10 Horse Collar
14:10 Wheelbarrow
13:21 Loom
14:54 Gold Mining
17:47 Castle Age
17:59 Bloodlines
18:07 Scale Barding Armor
18:14 Forging
20:36 Chain Barding Armor
20:57 Husbandry
21:44 Gold Shaft Mining
21:39 Bow Saw
23:02 Iron Casting
22:30 Padded Archer Armor
23:06 Heavy Plow
24:43 Leather Archer Armor
24:32 Fletching
24:48 Scale Mail Armor
25:42 Chain Mail Armor
29:03 Stone Mining
38:32 Imperial Age
38:39 Elite Shrivamsha Rider
40:59 Crop Rotation
46:26 Crossbowman
48:19 Thumb Ring
48:32 Leather Archer Armor
48:08 Fletching
48:35 Elite Elephant Archer
Gordkach
1:26 Loom
7:47 Feudal Age
9:00 Horse Collar
9:12 Double-Bit Axe
12:36 Wheelbarrow
14:32 Gold Mining
15:46 Arson
18:10 Castle Age
19:54 Bow Saw
19:11 Pikeman
19:14 Crossbowman
19:54 Town Watch
20:58 Stone Mining
22:26 Gambesons
23:20 Stone Shaft Mining
25:33 Hand Cart
25:19 Town Patrol
25:09 Man-at-Arms
29:34 Thumb Ring
28:52 Elite Skirmisher
35:09 Imperial Age
33:30 Caravan
37:19 Two-Man Saw
35:48 Arbalester
37:45 Heavy Plow
38:05 Halberdier
42:17 Conscription
43:41 Elite Organ Gun
47:54 Chemistry
47:15 Ballistics
56:50 Arquebus
Connection lost

Rejoining the realm…

Still unreachable

The connection could not be restored.

Session expired

The server has moved on; the page needs a fresh start.